Unix NetHack Version 5.0.0-0 post-release - last build May  4 2026 22:22:43 (774f63e81ad911689b3a0859ea89b322d5daca8d,branch:main).

Game began 2026-05-08 03:17:43, ended 2026-05-08 03:30:30.

BeardyHaddock, neutral male gnomish Archeologist

     -----------
     |..........#                               --------------     -------
     |........[|#### ----------------          #-............-#    |%....|
     |.........|   # |..............|###########|............|#    |.....|
     |..........###)#...............|#          |............|#    |.....|
     -----------  #  |..............|#          |............|#####|.....|
                  #  |..............|#          --------.-----    #|.<...|
                  #  ------.---------#                            #-..[..|
                  #)############# ####                             --+----
                            ###  ####
                              ###   #
                              --.---.-      ------.----
                              |.>.....##    |.(.......|
                              |......| ##   |.........-
                              |......|  ####|.........|
                              |......|     #-..........#          ------
                              |......|      -----------####       |.((.|
                              --------                    #h@#)###-.f((|
                                                                  ------

BeardyHaddock the Field Worker  St:11 Dx:11 Co:13 In:17 Wi:14 Ch:9  Neutral
Dlvl:2  $:9  HP:0(18) Pw:11(11) AC:7  Xp:3 T:861 

Latest messages:
 THUD!
 In what direction? 8
 You kick a chest.
 THUD!
 In what direction? 8
 You kick a chest.
 THUD!
 The lid slams open, then falls shut.
 You see here an unlocked chest.
 The chest is empty.
 You swap places with your kitten.
 You swap places with your kitten.
 "Hello, BeardyHaddock!  Welcome to Kachzi Rellim's hardware store!"
 "Will you please leave your pick-axe outside?"
 You swap places with your kitten.
 What do you want to drop? [$ac-ik-m or ?*] e
 You drop a +0 pick-axe.
 "Hello, BeardyHaddock!  Welcome again to Kachzi Rellim's hardware store!"
 You see here a looking glass (for sale, 13 zorkmids).
 You see here a towel (for sale, 67 zorkmids).
 The kitten picks up a key.
 You see here a looking glass (for sale, 18 zorkmids).
 You see here a whistle (for sale, 13 zorkmids).
 The kitten drops a key.
 "For you, good sir; only 13 zorkmids for this key."
 n - a key (unpaid, 13 zorkmids).
 You bought a key for 13 gold pieces.
 "Thank you for shopping in Kachzi Rellim's hardware store!"
 You see here a looking glass (for sale, 18 zorkmids).
 You see here a towel (for sale, 67 zorkmids).
 You stop.  Your kitten is in the way!
 You do not owe Kachzi Rellim anything.
 You stop.  Your kitten is in the way!
 You swap places with your kitten.
 You see here a +0 pick-axe.
 e - a +0 pick-axe.
 The hobbit throws a runed dagger!
 You are hit by a runed dagger.
 The hobbit hits!
 You miss the hobbit.
 You lash the hobbit.
 The hobbit hits!
 You miss the hobbit.
 The hobbit hits!
 You die...
 Do you want your possessions identified? [ynq] (y) n
 Do you want to see your attributes? [ynq] (y) n
 Do you want an account of creatures vanquished? [ynaq] (y) n
 Do you want to see your conduct and achievements? [ynq] (y) n
 Do you want to see the dungeon overview? [ynq] (y) n

Inventory:
 Coins    ('$')
  $ - 9 gold pieces
 Weapons  (')')
  k - 11 +0 crossbow bolts
  m - a +0 dagger
  a - a +2 bullwhip (weapon in right hand)
 Armor    ('[')
  c - a blessed +0 fedora (being worn)
  l - an uncursed +0 studded leather armor (being worn)
 Comestibles  ('%')
  d - 3 uncursed food rations
 Tools    ('(')
  h - an empty uncursed sack
  e - a +0 pick-axe
  n - an uncursed skeleton key
  f - a tinning kit (0:94)
 Gems/Stones  ('*')
  i - 2 uncursed garnet stones
  g - an uncursed touchstone

BeardyHaddock the Archeologist's attributes:

Background:
 You were a Field Worker, a level 3 male gnomish Archeologist.
 You were neutral, on a mission for Camaxtli
 who was opposed by Quetzalcoatl (lawful) and Huhetotl (chaotic).
 You were right-handed.
 You were in the Dungeons of Doom, on level 2.
 You entered the dungeon 861 turns ago.
 It was nighttime.
 You had 42 experience points, 38 more were needed to attain level 4.

Basics:
 You had 0 out of 18 hit points.
 You had all 11 energy points (spell power).
 Your armor class was 7.
 Your wallet contained 9 zorkmids.
 Autopickup was off.

Final Characteristics:
 Your strength was 11 (limit:18/50).
 Your dexterity was 11 (limit:18).
 Your constitution was 13 (limit:18).
 Your intelligence was 17 (limit:19).
 Your wisdom was 14 (limit:18).
 Your charisma was 9 (limit:18).

Final Status:
 You weren't hungry.
 You were unencumbered.
 You were wielding a whip.
 You had basic skill with whip.

Final Attributes:
 You were fervently aligned.
 You had automatic searching.
 You had infravision.
 You were warded.
 You were lucky.
 You are dead.

Miscellaneous:
 You didn't encounter any bones levels.
 Total elapsed playing time was 12 minutes and 47 seconds.

Major events:
 Turn
    1: BeardyHaddock the neutral male gnomish Archeologist entered the dungeon
  710: attained the rank of Field Worker (level 3)
  861: killed by a hobbit

You didn't know any spells.

Skills:
 Fighting Skills
   bare handed combat [Unskilled]
   two weapon combat  [Unskilled]
   riding             [Unskilled]
 Weapon Skills
   dagger             [Unskilled]
   knife              [Unskilled]
   pick-axe           [Basic]
   short sword        [Unskilled]
   saber              [Unskilled]
   club               [Unskilled]
   quarterstaff       [Unskilled]
   sling              [Unskilled]
   dart               [Unskilled]
   boomerang          [Unskilled]
   whip               [Basic]
   unicorn horn       [Unskilled]
 Spellcasting Skills
   attack spells      [Unskilled]
   healing spells     [Unskilled]
   divination spells  [Unskilled]
   matter spells      [Unskilled]

Voluntary challenges:
 Character rerolling was not enabled.
 You were an atheist.
 You were illiterate.
 You never genocided any monsters.
 You never polymorphed an object.
 You never changed form.
 You used no wishes.
Achievements:
 You attained the rank of Field Worker.
 You entered a shop.

 The Dungeons of Doom: levels 1 to 2
    Level 1:
       A fountain.
    Level 2: <- You were here.
       A tool shop.
       Final resting place for
          you, killed by a hobbit.


Vanquished creatures:
  a hobbit
  a gnome zombie
  a gecko
  3 jackals
  a fox
  a goblin
  2 grid bugs
  4 lichens
  a kobold zombie
  2 newts
17 creatures vanquished.

No species were genocided or became extinct.

Game over:
                       ----------
                      /          \
                     /    REST    \
                    /      IN      \
                   /     PEACE      \
                  /                  \
                  |  BeardyHaddock   |
                  |       9 Au       |
                  |   killed by a    |
                  |      hobbit      |
                  |                  |
                  |                  |
                  |       2026       |
                 *|     *  *  *      | *
        _________)/\\_//(\/(/\)/\//\/|_)_______

Goodbye BeardyHaddock the Archeologist...

You died in The Dungeons of Doom on dungeon level 2 with 227 points,
and 9 pieces of gold, after 861 moves.
You were level 3 with a maximum of 18 hit points when you died.

